 Dungeon Crawl Stone Soup version 0.25-a0-719-gde951dce62 (webtiles) character file.

Game seed: 6138097741716847402, levelgen mode: deterministic

70 kae the Ruffian (level 4, -1/35 HPs)
             Began as a Draconian Transmuter on Apr 6, 2020.
             Slain by Sigmund
             ... wielding a cursed -1 scythe
              (5 damage)
             ... on level 2 of the Dungeon.
             The game lasted 00:00:55 (1149 turns).

kae the Ruffian (Draconian Transmuter)              Turns: 1149, Time: 00:00:56

Health: -1/35      AC:  2    Str: 13    XL:     4   Next: 4%
Magic:  1/7        EV: 19    Int: 14    God:
Gold:   86         SH:  0    Dex: 16    Spells: 2/8 levels left

rFire    . . .     SeeInvis .     - Unarmed
rCold    . . .     Gourm    .   (shield currently unavailable)
rNeg     . . .     Faith    .   (armour unavailable)
rPois    x         Spirit   .   (helmet currently unavailable)
rElec    .         Reflect  .   (cloak currently unavailable)
rCorr    .         Harm     .   (gloves currently unavailable)
MR       .....                  (boots currently unavailable)
Stlth    +.........             (no amulet)
HPRegen  0.11/turn              (no ring)
MPRegen  0.10/turn              (no ring)

@: spider-form (expiring), very slightly contaminated
A: tiny, unfitting armour, AC +5
a: End Transformation


You were on level 2 of the Dungeon.
You were not hungry.
You were a venomous arachnid creature.
You visited 1 branch of the dungeon, and saw 2 of its levels.

You collected 86 gold pieces.

Inventory:

Missiles
 a - 57 arrows
Jewellery
 j - an uncursed ring of flight {unknown}
Scrolls
 b - a scroll of teleportation {unknown}
 d - 2 scrolls of remove curse {unknown}
 e - 3 scrolls of magic mapping {unknown}
 g - a scroll of identify {unknown}
 k - a scroll of random uselessness {unknown}
Potions
 f - 3 potions of curing {unknown}
 i - a potion of heal wounds {unknown}
 l - a potion of cancellation {unknown}
Comestibles
 c - 2 rations


   Skills:
 - Level 1.1 Fighting
 - Level 1.7 Dodging
 * Level 4.1 Unarmed Combat
 + Level 2.6 Spellcasting
 + Level 2.7 Transmutations


You had 2 spell levels left.
You knew the following spells:

 Your Spells              Type           Power        Failure   Level  Hunger
a - Beastly Appendage     Tmut           #.....       21%         1    #......
b - Sticks to Snakes      Tmut           #.......     26%         2    ###....
c - Spider Form           Tmut/Pois      #.........   58%         3    ###....

Your spell library contained the following spells:

 Spells                   Type           Power        Failure   Level  Hunger
 Ice Form                 Ice/Tmut       #.......     90%         4    #####..
 Blade Hands              Tmut           #.........   97%         5    ######.


Dungeon Overview and Level Annotations

Branches:
Dungeon (2/15)

Altars:

Annotations:
D:2 Sigmund


Innate Abilities, Weirdness & Mutations

((Your plain brown scales are hard. (AC +5)))
You cannot fit into any form of body armour.
((You are cold-blooded and may be slowed by cold attacks.))


Message History

Magic restored.
You continue memorising. x2
You finish memorising.
Spell assigned to 'c'.
Cast which spell? (? or * to list)
You miscast Spider Form.
You are very lightly contaminated with residual magic.
Nothing appears to happen.
Sigmund points at you and mumbles some strange words.
The magic dart hits you.
Casting: Spider Form (slightly dangerous; 36% risk of failure)
Confirm with . or Enter, or press ? or * to list all spells.
You turn into a venomous arachnid creature.
Sigmund casts a spell.
Sigmund flickers and vanishes!
Deactivating autopickup; reactivate with Ctrl-A.
Something hits you!
* * * LOW HITPOINT WARNING * * *
Your transformation is almost over.
Something hits you.
You die...

#.............#
###...........#
#...#####.####
#...# #[# #...#.##
#.#
###.###..####.#.##
....###..........
####....{.###....
####s#.....# .
#.#..#..#...
#.#.........
#.#.......#.
#.#.#....##
#.#...?.##
#......@..
#####...#..
#..####


There were no monsters in sight!

Vanquished Creatures
  Jessica (D:2)
  An adder (D:2)
  An ooze (D:1)
  A worm (D:2)
  2 dart slugs (D:1)
  2 leopard geckos
  2 bats (D:2)
  A goblin (D:2)
  2 hobgoblins (D:2)
  A ball python (D:2)
  4 frilled lizards
  2 kobolds
  7 rats
27 creatures vanquished.

Notes
Turn   | Place    | Note
-------+----------+-------------------------------------------
     0 | D:1      | kae the Draconian Transmuter began the quest for the Orb.
     0 | D:1      | Reached XP level 1. HP: 16/16 MP: 3/3
   275 | D:1      | Reached XP level 2. HP: 13/23 MP: 3/5
   289 | D:1      | Learned a level 2 spell: Sticks to Snakes
   723 | D:2      | Reached XP level 3. HP: 26/28 MP: 6/6
   812 | D:2      | Noticed Jessica
   827 | D:2      | Killed Jessica
   827 | D:2      | Reached skill level 4 in Unarmed Combat
  1133 | D:2      | Reached XP level 4. HP: 21/35 MP: 5/7
  1134 | D:2      | Noticed Sigmund
  1146 | D:2      | Learned a level 3 spell: Spider Form
  1149 | D:2      | Slain by Sigmund

Levels and vault maps discovered:
D:1:      minmay_arrival_diagonal_passages, layout_rooms
D:2:      layout_basic, feat_on_display, uniq_robin, uniq_sigmund, uniq_jessica,
          uniq_terence

Skill      XL: |  1  2  3 |
---------------+----------+-----
Unarmed Combat | 4 |  4.1
Fighting       | |  1.1
Dodging        | |  1.7
Spellcasting   | |  2.6
Transmutations | |  2.7

Action                   |  1- 3 |  4- 6 || total
-------------------------+-------+-------++-------
Melee: Unarmed           |    95 |       ||    95
       Kick              |     7 |       ||     7
       Headbutt          |     4 |       ||     4
       Tailslap          |    10 |       ||    10
       Punch             |     1 |       ||     1
 Cast: Beastly Appendage |    14 |       ||    14
       Spider Form       |       |     1 ||     1
 Stab: Sleeping          |     1 |       ||     1
  Eat: Chunk             |     1 |       ||     1
Armor: Skin              |    24 |       ||    24
Dodge: Dodged            |    42 |       ||    42

Table legend:
 A = Non-vault XP
 B = Vault XP
 C = Vault XP percentage of total XP
 D = Non-vault monster count
 E = Vault monster count
 F = Vault count percentage of total count
                 A         B        C        D         E       F
            +---------+---------+-------+---------+---------+-------
      Total |      64 |      37 |  36.6 |      26 |       1 |   3.7
            +---------+---------+-------+---------+---------+-------
        D:1 |      26 |       0 |   0.0 |      12 |       0 |   0.0
        D:2 |      38 |      37 |  49.3 |      14 |       1 |   6.7
            +---------+---------+-------+---------+---------+-------
